 Dungeon Crawl Stone Soup version 0.30-a0-605-gb2882149bf (webtiles) character file.

Game seed: 12840504432605294953

8876 rogsnak the Zephyrmancer (level 11, -9/56 HPs)
             Began as a Tengu Air Elementalist on Jan 7, 2023.
             Was a Believer of Sif Muna.
             Mangled by a yak (14 damage)
             ... on level 9 of the Dungeon.
             The game lasted 00:34:29 (12957 turns).

rogsnak the Zephyrmancer (Tengu Air Elementalist)  Turns: 12957, Time: 00:34:30

Health: -9/56      AC:  6    Str:  8    XL:     11   Next: 37%
Magic:  17/25      EV: 16    Int: 20    God:    Sif Muna [**....]
Gold:   564        SH:  0    Dex: 15    Spells: 24/29 levels left

rFire   . . .      SeeInvis .    T - +2 scimitar (elec)
rCold   + + .      Faith    .    (no shield)
rNeg    + . .      Spirit   .    S - +0 robe {rN+}
rPois   .          Reflect  .    (helmet restricted)
rElec   .          Harm     .    E - +0 cloak
rCorr   .          Rampage  .    p - +2 pair of gloves
Will    .....                    (boots unavailable)
Stlth   ++                       (no amulet)
HPRegen 0.29/turn                C - ring of protection from cold
MPRegen 0.19/turn                K - ring of protection from cold

@: flying quickly and evasively, studying Long Blades, quick
A: beak, talons 3, nimble flight
a: Renounce Religion, Channel Magic


You were on level 9 of the Dungeon.
You worshipped Sif Muna.
Sif Muna was pleased with you.
You visited 2 branches of the dungeon, and saw 10 of its levels.

You collected 564 gold pieces.

Inventory:

Hand Weapons
 v - a +3 scythe of venom
 w - the +7 quarterstaff of the Final Decision {protect, rC- Str-5 Dex+10 Stlth+}
   (You found it on level 3 of the Dungeon)

   Str:       It affects your strength (-5).
   Dex:       It affects your dexterity (+10).
   rC:        It makes you vulnerable to cold.
   Stlth:     It makes you more stealthy.
 B - a +2 falchion of holy wrath
 Q - a +1 scimitar of freezing
 R - a +5 war axe of freezing
 T - a +2 scimitar of electrocution (weapon)
Missiles
 c - 96 stones
 x - 3 throwing nets
 A - 30 poisoned darts (quivered)
 P - 2 curare-tipped darts
Armour
 a - a +0 robe
 p - a +2 pair of gloves (worn)
 E - a +0 cloak (worn)
 J - +0 pearl dragon scales
 S - a +0 robe of positive energy (worn)
 U - +0 acid dragon scales
Jewellery
 n - the amulet of Elemental Vulnerability {rPois rF-- rC-- AC+8}
   (You found it on level 2 of the Dungeon)

   [amulet of nothing]

   AC:        It affects your AC (+8).
   rF:        It makes you very vulnerable to fire.
   rC:        It makes you very vulnerable to cold.
   rPois:     It protects you from poison.
 C - a ring of protection from cold (left hand)
 K - a ring of protection from cold (right hand)
 N - a ring of ice
 O - an amulet of guardian spirit
 X - a +5 ring of evasion
Wands
 g - a wand of flame (50)
 r - a wand of polymorph (11)
 G - a wand of mindburst (22)
 H - a wand of charming (17)
 V - a wand of digging (5)
 W - a wand of acid (5)
Scrolls
 f - 2 scrolls of vulnerability {unknown}
 h - 2 scrolls of magic mapping {unknown}
 l - a scroll of summoning {unknown}
 m - 10 scrolls of identify {unknown}
 o - 2 scrolls of fog {unknown}
 s - 2 scrolls of poison {unknown}
 t - 5 scrolls of teleportation {unknown}
 y - 2 scrolls of fear {unknown}
 z - 2 scrolls of enchant weapon {unknown}
 D - 4 scrolls of amnesia
 F - a scroll of silence {unknown}
 I - a scroll of acquirement {unknown}
 L - a scroll of blinking {unknown}
Potions
 b - 3 potions of magic
 d - 5 potions of curing {unknown}
 e - 5 potions of attraction {unknown}
 i - a potion of lignification {unknown}
 j - a potion of berserk rage {unknown}
 k - 2 potions of ambrosia {unknown}
 q - a potion of flight {unknown}
 u - 3 potions of haste {unknown}
 M - 2 potions of mutation {unknown}


   Skills:
 + Level 1.4 Fighting
 + Level 0.8 Throwing
 + Level 3.8 Dodging
 - Level 2.0 Stealth
 + Level 9.5 Spellcasting
 * Level 12.4 Conjurations
 + Level 13.3 Air Magic


You had 24 spell levels left.
You knew the following spells:

 Your Spells              Type           Power      Damage    Failure   Level
a - Shock                 Conj/Air       100%       1d9       1%          1
b - Airstrike             Air            29%        2d(5-21)  1%          4

Your spell library contained the following spells:

 Spells                   Type           Power      Damage    Failure   Level
 Static Discharge         Conj/Air       100%       2-7/arc   1%          2
 Swiftness                Air            58%        N/A       1%          3
 Apportation              Tloc           18%        N/A       8%          1
 Necrotise                Necr           36%        1d5       8%          1
 Summon Small Mammal      Summ           36%        N/A       8%          1
 Portal Projectile        Hex/Tloc       18%        N/A       22%         3
 Tukima's Dance           Hex            9%         N/A       22%         3
 Blade Hands              Tmut           4%         N/A       90%         5


Dungeon Overview and Level Annotations

Branches:
Dungeon (9/15)             Temple (1/1) D:7
   Lair: D:8-11         Orc: D:9-12

Altars:
Ashenzari
Cheibriados
Dithmenos
Elyvilon
Fedhas
Gozag
Hepliaklqana
Kikubaaqudgha
Makhleb
Nemelex Xobeh
Okawaru
Ru
Sif Muna
Trog
Uskayaw
Wu Jian
Xom
Yredelemnul
Zin

Shops:
D:3 (   D:6 =   D:7 [


Innate Abilities, Weirdness & Mutations

You have a beak for a mouth.
You have claws for feet.
Your magical nature lets you fly swiftly and evasively.


Message History

There is a stone staircase leading down here.
Casting: Shock (safe; 1% risk of failure)
Confirm with . or Enter, or press ? or * to list all spells.
Aiming: Airstrike (safe; 1% risk of failure)
Press: ? - help, Dir - move target, f - yak
Aim: a yak (almost dead, empty space bonus: 7/8)
The air twists around and strikes the yak!
You kill the yak!
Sif Muna accepts your kill.
Unknown command.
You start resting.
Magic restored.
You start resting.
HP restored.
You fly downwards.
The yak closely misses you. The yak completely misses you. The yak gores you!
The yak closely misses you. The yak barely misses you. The yak gores you.
There is a stone staircase leading up here.
Casting: Airstrike (safe; 1% risk of failure)
Confirm with . or Enter, or press ? or * to list all spells.
Aiming: Airstrike (safe; 1% risk of failure)
Press: ? - help, Dir - move target, f - yak
Aim: a yak (empty space bonus: 6/8)
The air twists around and strikes the yak!!
The yak is heavily wounded.
The yak gores you. The yak gores you! The yak completely misses you.
Casting: Airstrike (safe; 1% risk of failure)
Confirm with . or Enter, or press ? or * to list all spells.
Aiming: Airstrike (safe; 1% risk of failure)
Press: ? - help, Dir - move target, f/p - yak
Aim: a yak (heavily wounded, empty space bonus: 6/8)
The air twists around and strikes the yak!
The yak is severely wounded.
The yak gores you! The yak gores you but does no damage. The yak gores you!
* * * LOW HITPOINT WARNING * * *
Unknown command.
Okay, then.
Okay, then.
The yak barely misses you. The yak gores you!
You die...

..Y.. .... ... .. .
## ###. ##+######
#.Y. #..@....#
#####'##
#.YYY...#####...Y...
#.......#..Y'..Y....
#.......†.###.......
#.......### #.......
#.......# #.......
#.......# #.......
#.......# ########
#.......#


You could see 3 yaks.

Vanquished Creatures
  A centaur warrior (D:8)
  The ghost of yumyumyeen the Twirler, a novice DsMo of Lugonu (D:8)
  Pikel (D:5)
  A manticore (D:8)
  A hornet (D:8)
  Sigmund (D:2)
  A shadow (D:7)
  A wyvern (D:7)
  Eustachio (D:4)
  7 yaks
  2 wraiths (D:8)
  A steam dragon (D:8)
  2 water moccasins
  Pargi (D:3)
  An acid dragon (D:8)
  2 hornet zombies (D:8)
  An orc warrior (D:8)
  3 ice beasts
  4 centaurs
  3 lemures (D:5)
  4 phantoms
  Blork the orc (D:5)
  4 bullfrogs
  4 kobold brigands
  A necrophage (D:7)
  A wyvern zombie (D:8)
  A scorpion (D:6)
  20 wights
  7 killer bees (D:8)
  An electric eel (D:8)
  4 centaur zombies (D:8)
  A jelly (D:8)
  A hound (D:5)
  An orc priest (D:8)
  A gnoll bouda (D:7)
  Crazy Yiuf (D:4)
  2 iguanas
  7 orc wizards
  3 killer bee zombies (D:8)
  Robin (D:2)
  2 howler monkey zombies (D:8)
  13 gnolls
  7 adders
  A shadow imp (D:6)
  An ufetubus (D:5)
  2 worms
  4 dart slugs
  22 orcs
  5 ball pythons
  4 bats
  7 endoplasms
  3 giant cockroaches
  12 goblins
  15 hobgoblins
  2 jackals (D:1)
  4 quokkas
  6 frilled lizards (D:2)
  33 kobolds
  7 rats
252 creatures vanquished.

Vanquished Creatures (others)
  95 plants
  2 withered plants (D:8)
97 creatures vanquished.

Grand Total: 349 creatures vanquished

Notes
Turn   | Place    | Note
-------+----------+-------------------------------------------
     0 | D:1      | rogsnak the Tengu Air Elementalist began the quest for the
                  | Orb.
     0 | D:1      | Reached XP level 1. HP: 10/10 MP: 4/4
   269 | D:1      | Reached XP level 2. HP: 15/15 MP: 3/6
   683 | D:1      | Reached XP level 3. HP: 18/19 MP: 2/7
   879 | D:1      | Reached skill level 5 in Air Magic
  1202 | D:2      | Found the amulet of Elemental Vulnerability {rPois rF--
                  | rC-- AC+8}
  1311 | D:2      | Noticed Sigmund
  1536 | D:2      | Reached XP level 4. HP: 24/24 MP: 3/8
  1662 | D:2      | Noticed Robin
  1735 | D:2      | Killed Robin
  1884 | D:2      | Learned a level 4 spell: Airstrike
  2173 | D:2      | Killed Sigmund
  2174 | D:2      | Reached skill level 5 in Conjurations
  2174 | D:2      | Gained mutation: Your magical nature lets you fly swiftly
                  | and evasively. [Tengu growth]
  2174 | D:2      | Reached XP level 5. HP: 22/28 MP: 4/11
  2174 | D:2      | Reached XP level 6. HP: 25/32 MP: 4/12
  2330 | D:3      | Identified the +7 quarterstaff of the Final Decision
                  | {protect, rC- Str-5 Dex+10 Stlth+}
  2630 | D:3      | Noticed Pargi
  2645 | D:3      | Killed Pargi
  2646 | D:3      | Reached skill level 6 in Air Magic
  2744 | D:3      | Found Rihas's Weapon Shoppe.
  3058 | D:3      | Noticed an ice beast
  3244 | D:4      | Found a burning altar of Makhleb.
  3302 | D:4      | Noticed Eustachio
  3327 | D:4      | Killed Eustachio
  3328 | D:4      | Reached XP level 7. HP: 10/37 MP: 4/14
  3730 | D:4      | Identified the +2 sling "Vyif" {antimagic, Fly Will- Int+8
                  | Dex-5}
  3855 | D:4      | Found a runed translucent door.
  3856 | D:4      | Noticed Crazy Yiuf
  3862 | D:4      | Killed Crazy Yiuf
  4210 | D:5      | Entered Level 5 of the Dungeon
  4450 | D:5      | Reached skill level 7 in Air Magic
  4476 | D:5      | Reached XP level 8. HP: 42/42 MP: 12/15
  4546 | D:5      | Noticed Pikel
  4766 | D:5      | Killed Pikel
  4767 | D:5      | Reached skill level 1 in Fighting
  4767 | D:5      | Reached skill level 5 in Spellcasting
  5001 | D:5      | Found an ornate altar of the Wu Jian Council.
  5235 | D:5      | Reached skill level 8 in Air Magic
  5454 | D:5      | Found a white marble altar of Elyvilon.
  5508 | D:5      | Noticed Blork the orc
  5512 | D:5      | Killed Blork the orc
  5578 | D:5      | Found a sacrificial altar of Ru.
  5597 | D:5      | Found a basalt altar of Yredelemnul.
  5895 | D:5      | Reached XP level 9. HP: 44/47 MP: 11/18
  6327 | D:6      | Reached skill level 9 in Air Magic
  6376 | D:6      | Found Goshruash's Jewellery Boutique.
  6378 | D:6      | Found a broken altar of Ashenzari.
  6765 | D:6      | Found a blossoming altar of Fedhas.
  7573 | D:7      | Found Decah's Antique Armour Shoppe.
  7660 | D:7      | Found a shadowy altar of Dithmenos.
  7683 | D:6      | Reached skill level 10 in Conjurations
  8058 | D:7      | Reached skill level 10 in Air Magic
  8502 | D:7      | Found a staircase to the Ecumenical Temple.
  8510 | Temple   | Entered the Ecumenical Temple
  8520 | Temple   | Became a worshipper of Sif Muna the Loreminder
  8521 | Temple   | Upgraded the game from 0.30-a0-596-g0af90f9a20 to
                  | 0.30-a0-605-gb2882149bf
  8678 | D:8      | Found a snail-covered altar of Cheibriados.
  8765 | D:8      | Reached XP level 10. HP: 52/52 MP: 16/22
  9770 | D:8      | Found a runed translucent door.
  9817 | D:8      | Found a hazy altar of Hepliaklqana.
  9820 | D:8      | Reached * piety under Sif Muna
  9821 | D:8      | Reached skill level 11 in Air Magic
 10086 | D:8      | Found a runed translucent gate.
 10086 | D:8      | Found a runed translucent gate.
 10086 | D:8      | Found a runed translucent gate.
 10134 | D:8      | Noticed yumyumyeen's ghost (novice DsMo)
 10345 | D:8      | Found a runed translucent door.
 11160 | D:8      | Reached skill level 12 in Air Magic
 11218 | D:8      | Noticed a manticore
 11220 | D:8      | Noticed a centaur warrior
 11270 | D:8      | Reached ** piety under Sif Muna
 11495 | D:8      | Reached XP level 11. HP: 56/56 MP: 15/25
 11656 | D:8      | HP: 2/56 [centaur warrior/arrow (13)]
 11657 | D:8      | Killed a centaur warrior
 12044 | D:8      | Killed a manticore
 12045 | D:8      | Reached skill level 13 in Air Magic
 12577 | D:8      | Killed yumyumyeen's ghost
 12957 | D:9      | Mangled by a yak

Illustrated notes

Levels and vault maps discovered:
D:1:      eino_arrival_tree_alley, layout_loops_ring, amcnicky_mini_pool_small
D:2:      layout_basic, minmay_lizard_king, uniq_sigmund, uniq_robin
D:3:      layout_loops_ring, serial_shops, nicolae_square_shop,
          grunt_ministairs_11, uniq_pargi
D:4:      layout_loops_ring, nicolae_overflow_crystal_walls, kennysheep_boxes,
          uniq_eustachio, uniq_crazy_yiuf_cottage
D:5:      layout_basic, amcnicky_altar_gilded, pdpol_wu_jian_five_deadly_venoms,
          nicolae_overflow_hidden_temple, mainiacjoe_overflow_cross_hatched,
          nicolae_hexahallways, uniq_pikel, uniq_blork_the_orc
D:6:      kennysheep_kobold_camp, layout_cave_pools,
          ashenzari_conservatory_becter, fedhas_altar_fruit_tree, serial_shops,
          shop
D:7:      layout_rooms, overflow_temple_1_default, temple_statues, serial_shops,
          nicolae_shop_stone, serial_curves, eino_curves_02, eino_curves_02,
          eino_curves_01
D:8:      cheibrodos_histonic, layout_basic,
          mainiacjoe_overflow_concentric_impassable,
          mainiacjoe_overflow_six_doors_small, serial_undead, serial_undead_d,
          serial_undead_f, serial_undead_d, serial_undead_d, serial_undead_d,
          serial_undead_a, serial_undead_e, serial_undead_d,
          gammafunk_ghost_spectres, kennysheep_nub
D:9:      layout_roguey, nicolae_qazlal_eye_of_the_storm,
          mainiacjoe_overflow_alcove_4
Temple:   hellmonk_temple_rainy

Skill      XL: |  1  2  3  4  5  6  7  8  9 10 11 |
---------------+----------------------------------+-----
Conjurations   | 2 5 6 7 9 10 11 12 | 12.4
Air Magic      | 5 6 7 8 10 12 13 | 13.3
Spellcasting   | 3 4 5 7 9 |  9.5
Fighting       | 1 |  1.4
Dodging        | 3 |  3.8
Throwing       | |  0.8
Stealth        | |  2.0

Action                   |  1- 3 |  4- 6 |  7- 9 | 10-12 || total
-------------------------+-------+-------+-------+-------++-------
Melee: Dagger            |     9 |     4 |       |       ||    13
       Kick              |       |     3 |    18 |     9 ||    30
       Quarterstaff      |       |     5 |    46 |     2 ||    53
       Halberd           |       |     1 |       |       ||     1
       Peck              |       |       |    12 |     6 ||    18
       Scimitar          |       |       |       |    26 ||    26
Throw: Dart              |       |       |       |     8 ||     8
 Cast: Shock             |    82 |    82 |   176 |   153 ||   493
       Airstrike         |       |     2 |    46 |    82 ||   130
  Use: Scroll            |       |       |       |     1 ||     1
 Stab: Distracted        |       |       |     1 |       ||     1
       Sleeping          |       |       |       |     1 ||     1
Armor: Robe              |     5 |     9 |    17 |    24 ||    55
Dodge: Dodged            |    14 |    22 |    68 |   103 ||   207

Table legend: (Time is in decaauts)
 A = Elapsed time spent in this place.
 B = Non-inter-level travel time spent in this place.
 C = Inter-level travel time spent in this place.
 D = Time resting spent in this place.
 E = Time spent auto-exploring this place.
 F = Levels seen in this place.
 G = Mean time per level.
                   A        B        C        D        E       F      G
               +--------+--------+--------+--------+--------+-----+--------+
         Total |  12474 |  12232 |    242 |   3593 |   5822 |  10 | 1247.4 |
       Dungeon |  12453 |  12211 |    242 |   3593 |   5822 |   9 | 1383.7 |
        Temple |     20 |     20 |      0 |      0 |      0 |   1 |   20.0 |
               +--------+--------+--------+--------+--------+-----+--------+

Top non-repeatable levels by time:
     D:8: 3927 daAuts
     D:5: 1768 daAuts
     D:7: 1367 daAuts
     D:6: 1260 daAuts
     D:1: 1258 daAuts
     D:3: 942 daAuts
     D:4: 937 daAuts
     D:2: 935 daAuts
     D:9: 56 daAuts
  Temple: 20 daAuts
